 Dungeon Sprint DCSS version 0.31.0-9-g3a7656b989 (webtiles) character file.

Game seed: 3502485949319193091

10700000 Ashen the Intangible (level 27, -72/189 (228) HPs)
             Began as a Djinni Warper on Jan 24, 2024.
             Was the Champion of Makhleb.
             Killed from afar by a wretched soul (128 damage)
             ... with a bolt of negative energy
             ... in the Dungeon (Sprint VIII: "Arena of Blood").
             The game lasted 00:08:34 (107 turns).

Ashen the Intangible (Djinni Warper)                 Turns: 107, Time: 00:08:35

HP:   -72/189 (228) AC:  6    Str: 10    XL:     27
Gold: 0             EV: 37    Int: 16    God:    Makhleb [******] SH:  0 Dex: 26

rFire   + + .        i - +∞ Axe of Woe
rCold   x . .        (shield currently unavailable)
rNeg    . . .        b - +0 leather armour
rPois   ∞            (no helmet)
rElec   .            (no cloak)
rCorr   .            (no gloves)
SInv    +            (boots unavailable)
Will    ++...        (no amulet)
Stlth   ++++++++++   j - ring of see invisible
HPRegen 0.51/turn    (no ring)
MPRegen 0.00/turn

%: no teleportation, infuse magic (-73 HP)
@: flying, slowed, heavily drained, very slow
A: sickness immunity, fire resistance 2, cold vulnerability 1, float, innate
caster, HP casting, extra vitality 1
a: Renounce Religion, Minor Destruction, Lesser Servant of Makhleb, Major
Destruction, Greater Servant of Makhleb


You were in the Dungeon.
You worshipped Makhleb.
Makhleb was exalted by your worship.
You visited 1 branch

Inventory:

Hand Weapons
 a - a +0 hand axe
 i - the +∞ Axe of Woe (weapon)
   (You found it in the Dungeon)
Missiles
 d - 7 darts of dispersal (quivered)
Armour
 b - a +0 leather armour (worn)
Jewellery
 j - a ring of see invisible (left hand)
Scrolls
 c - 2 scrolls of blinking
Potions
 e - a potion of curing
 f - a potion of heal wounds
 g - a potion of haste
 h - a potion of berserk rage


   Skills:
 O Level 27 Fighting
 O Level 27 Short Blades
 O Level 27 Long Blades
 O Level 27 Axes
 O Level 27 Maces & Flails
 O Level 27 Polearms
 O Level 27 Staves
 O Level 27 Ranged Weapons
 O Level 27 Throwing
 O Level 27 Armour
 O Level 27 Dodging
 O Level 27 Stealth
 O Level 27 Shields
 O Level 27 Unarmed Combat
 O Level 27 Spellcasting
 O Level 27 Conjurations
 O Level 27 Hexes
 O Level 27 Summonings
 O Level 27 Necromancy
 O Level 27 Translocations
 O Level 27 Fire Magic
 O Level 27 Ice Magic
 O Level 27 Air Magic
 O Level 27 Earth Magic
 O Level 27 Alchemy
 O Level 27 Invocations
 O Level 27 Evocations
 O Level 27 Shapeshifting


You knew the following spells:

 Your Spells              Type           Power      Damage    Failure   Level
a - Blink                 Tloc           100%       N/A       0%          2
b - Lesser Beckoning      Tloc           100%       N/A       0%          2
c - Teleport Other        Tloc           82%        N/A       0%          3
d - Manifold Assault      Tloc           82%        N/A       0%          4
e - Vhi's Electric Charg  Tloc/Air       100%       N/A       0%          4
f - Kiss of Death         Conj/Necr      100%       2d13      0%          1
g - Call Imp              Summ           100%       N/A       0%          2
h - Call Canine Familiar  Summ           82%        N/A       0%          3
i - Olgreb's Toxic Radia  Alch           82%        N/A       0%          4
j - Borgnjor's Vile Clut  Necr/Erth      41%        N/A       0%          5
k - Metabolic Englaciati  Hex/Ice        41%        N/A       0%          5
l - Starburst             Conj/Fire      41%        6d12      0%          6
m - Sculpt Simulacrum     Ice/Alch       41%        N/A       0%          6
n - Haunt                 Necr/Summ      41%        N/A       1%          7
o - Malign Gateway        Summ/Tloc      41%        N/A       1%          7
p - Summon Horrible Thin  Summ           41%        N/A       1%          8
q - Lehudib's Crystal Sp  Conj/Erth      41%        10d10     1%          8
r - Dragon's Call         Summ           41%        N/A       2%          9
Your spell library was empty.

Dungeon Overview and Level Annotations

Branches:
Dungeon (1/1)

Altars:
Makhleb


Innate Abilities, Weirdness & Mutations

You are immune to sickness and miasma.
You are immune to poison.
Your flesh is very heat resistant. (rF++)
You are vulnerable to cold. (rC-)
You float through the air rather than walking.
You learn spells naturally, not from books.
Your magical power is your life essence.
You have superior vitality. (+4 MHP)


Message History

The bag of meat shouts!
You hit the bag of meat. You chop the bag of meat into pieces.
You kill the bag of meat!
Makhleb accepts your kill.
You slash the bag of meat!
You pulverise the bag of meat into a thin bloody mist.
You kill the bag of meat!
Makhleb accepts your kill.
You feel better.
You hit the bag of meat but do no damage.
You slaughter the bag of meat joyfully.
You kill the bag of meat!
Makhleb accepts your kill.
You hit the bag of meat.
You cleave the bag of meat in twain.
You kill the bag of meat!
Makhleb accepts your kill.
You hear an angry hiss.
A bag of meat comes into view. It is wielding a +9 war axe.
The accursed gestures at you while chanting.
Something smites you!
The destroyer points at you and mumbles some strange words.
The destroyer blinks!
The tyrant mumbles some strange words.
The tyrant seems to speed up.
The destroyer casts a spell at you.
The destroyer blinks!
The dread calls on the powers of darkness!
The bag of meat convulses! x3
The bag of meat shouts!
The bag of meat convulses!
Your body is wracked with pain!
The bag of meat convulses!
The eight-headed meat hydra calls on the powers of darkness!
The eight-headed meat hydra convulses!
The meat berserker convulses!
The bag of meat convulses!
Your body is wracked with pain!
* * * LOW HITPOINT WARNING * * *
The wretched soul breathes negative energy at you.
The bolt of negative energy hits you!!!!
You feel drained.
Ouch! That really hurt!
You die...

...###... ...###.
......o.###.....2
.#..W..o.._....2 )
...)W..#.....# .)
.o...o.#_.<._# M..
#...)...#.....#o...
.O#.....ML._........
.)...§.o.2###)......
.....§o###))@oMO)###).
......§☼§.#.))V...#○...
.§ ..........#)).....#)○)
.o. #.......M)W§.......).
...# #.#....)..)....L..))
.§.o#.#......)......))D.#
...#.#.#.)....S....V..##)
#V..#o#.....#†.......#.))
#..o..)))).))........#)))


You could see 3 accurseds, a meat beast (fast), 2 tyrants, an eight-headed meat
hydra, 2 destroyers, a scourge, a dread, a meat berserker (berserk), 2 wretched
souls and 5 bags of meat.

Vanquished Creatures
  12 hell beasts (D)
  8 royal mummies (D)
  6 wraiths (D)
  A great orb of eyes (D)
  13 vampire knights (D)
  40 ogres (D)
  7 two-headed ogres (D)
  5 liches (D)
  5 hydras (D)
  8 phantoms (D)
  94 orcs (D)
  5 skeletal warriors (D)
204 creatures vanquished.

Notes
Turn   | Place    | Note
-------+----------+-------------------------------------------
     0 | D        | Found the +∞ Axe of Woe
     0 | D        | Ashen the Djinni Warper began the quest for the Orb.
     0 | D        | Ashen set off with the following spells memorised: Blink,
                  | Lesser Beckoning, Teleport Other, Manifold Assault, Vhi's
                  | Electric Charge.
     0 | D        | Reached XP level 1. HP: 18/18 MP: 0/0
     1 | D        | Noticed a bag of meat
     2 | D        | Noticed a bag of meat
     2 | D        | Noticed a bag of meat
     3 | D        | Became a worshipper of Makhleb the Destroyer
     4 | D        | Noticed a bag of meat
     7 | D        | Noticed a bag of meat
     7 | D        | Noticed a bag of meat
     7 | D        | Noticed a bag of meat
     8 | D        | Noticed a bag of meat
     9 | D        | Noticed a bag of meat
     9 | D        | Noticed a bag of meat
     9 | D        | Noticed a large bag of meat
    10 | D        | Noticed a bag of meat
    10 | D        | Noticed a bag of meat
    10 | D        | Noticed a bag of meat
    10 | D        | Noticed a bag of meat
    11 | D        | Killed a bag of meat
    11 | D        | Killed a bag of meat
    11 | D        | Reached * piety under Makhleb
    11 | D        | Noticed a bag of meat
    11 | D        | Noticed a bag of meat
    11 | D        | Noticed a bag of meat
    12 | D        | Reached XP level 2. HP: 42/42 MP: 0/0
    12 | D        | Reached XP level 3. HP: 48/48 MP: 0/0
    12 | D        | Learned a level 1 spell: Kiss of Death
    12 | D        | Reached XP level 4. HP: 54/54 MP: 0/0
    12 | D        | Reached XP level 5. HP: 59/59 MP: 0/0
    12 | D        | Learned a level 2 spell: Call Imp
    12 | D        | Reached XP level 6. HP: 66/66 MP: 0/0
    12 | D        | Reached XP level 7. HP: 71/71 MP: 0/0
    12 | D        | Learned a level 3 spell: Call Canine Familiar
    12 | D        | Reached XP level 8. HP: 77/77 MP: 0/0
    12 | D        | Reached XP level 9. HP: 83/83 MP: 0/0
    12 | D        | Learned a level 4 spell: Olgreb's Toxic Radiance
    12 | D        | Reached XP level 10. HP: 89/89 MP: 0/0
    12 | D        | Reached XP level 11. HP: 94/94 MP: 0/0
    12 | D        | Learned a level 5 spell: Borgnjor's Vile Clutch
    12 | D        | Reached XP level 12. HP: 101/101 MP: 0/0
    12 | D        | Killed a bag of meat
    12 | D        | Killed a bag of meat
    12 | D        | Noticed a bag of meat
    12 | D        | Noticed a bag of meat
    12 | D        | Noticed a bag of meat
    13 | D        | Reached XP level 13. HP: 72/112 MP: 0/0
    13 | D        | Learned a level 5 spell: Metabolic Englaciation
    13 | D        | Killed a bag of meat
    13 | D        | Reached ** piety under Makhleb
    13 | D        | Killed a bag of meat
    14 | D        | Reached skill level 15 in Spellcasting
    14 | D        | Reached skill level 15 in Conjurations
    14 | D        | Reached skill level 15 in Hexes
    14 | D        | Reached skill level 15 in Summonings
    14 | D        | Reached skill level 15 in Necromancy
    14 | D        | Reached skill level 15 in Translocations
    14 | D        | Reached skill level 15 in Fire Magic
    14 | D        | Reached skill level 15 in Ice Magic
    14 | D        | Reached skill level 15 in Air Magic
    14 | D        | Reached skill level 15 in Earth Magic
    14 | D        | Reached skill level 15 in Alchemy
    14 | D        | Reached XP level 14. HP: 53/121 MP: 0/0
    14 | D        | Noticed a meat berserker
    14 | D        | Killed a bag of meat
    14 | D        | Killed a bag of meat
    14 | D        | Reached *** piety under Makhleb
    14 | D        | Killed a large bag of meat
    14 | D        | Killed a bag of meat
    15 | D        | Reached XP level 15. HP: 103/135 MP: 0/0
    15 | D        | Learned a level 6 spell: Starburst
    15 | D        | Reached **** piety under Makhleb
    16 | D        | Reached XP level 16. HP: 134/143 MP: 0/0
    17 | D        | Noticed a meat berserker
    17 | D        | Noticed a meat berserker
    17 | D        | Noticed a meat berserker
    17 | D        | Noticed a meat berserker
    17 | D        | Reached ***** piety under Makhleb
    17 | D        | Killed a meat berserker
    18 | D        | Reached skill level 27 in Dodging
    18 | D        | Reached XP level 17. HP: 94/156 MP: 0/0
    18 | D        | Learned a level 6 spell: Sculpt Simulacrum
    18 | D        | Noticed a meat berserker
    18 | D        | Killed a meat berserker
    19 | D        | Reached skill level 27 in Fighting
    19 | D        | Reached XP level 18. HP: 132/167 MP: 0/0
    19 | D        | Killed a meat berserker
    19 | D        | Noticed a meat berserker
    19 | D        | Noticed a large bag of meat
    20 | D        | Killed a meat berserker
    20 | D        | Reached ****** piety under Makhleb
    20 | D        | Killed a meat berserker
    21 | D        | Reached skill level 27 in Axes
    21 | D        | Reached skill level 27 in Spellcasting
    21 | D        | Reached skill level 27 in Conjurations
    21 | D        | Reached skill level 27 in Hexes
    21 | D        | Reached skill level 27 in Summonings
    21 | D        | Reached skill level 27 in Necromancy
    21 | D        | Reached skill level 27 in Translocations
    21 | D        | Reached skill level 27 in Fire Magic
    21 | D        | Reached skill level 27 in Ice Magic
    21 | D        | Reached skill level 27 in Air Magic
    21 | D        | Reached skill level 27 in Earth Magic
    21 | D        | Reached skill level 27 in Alchemy
    21 | D        | Reached XP level 19. HP: 174/174 MP: 0/0
    21 | D        | Learned a level 7 spell: Haunt
    21 | D        | Noticed a meat berserker
    22 | D        | Reached skill level 5 in Armour
    22 | D        | Reached skill level 5 in Unarmed Combat
    22 | D        | Reached skill level 5 in Invocations
    22 | D        | Killed a meat berserker
    23 | D        | Reached skill level 10 in Armour
    24 | D        | Reached skill level 10 in Stealth
    24 | D        | Reached XP level 20. HP: 181/181 MP: 0/0
    24 | D        | Killed a meat berserker
    24 | D        | Noticed a destroyer
    24 | D        | Noticed a destroyer
    25 | D        | Reached skill level 10 in Maces & Flails
    25 | D        | Reached skill level 10 in Polearms
    25 | D        | Reached skill level 10 in Throwing
    26 | D        | Killed a destroyer
    27 | D        | Reached skill level 15 in Stealth
    27 | D        | Reached XP level 21. HP: 187/187 MP: 0/0
    27 | D        | Learned a level 7 spell: Malign Gateway
    28 | D        | Noticed a destroyer
    30 | D        | Reached skill level 15 in Maces & Flails
    30 | D        | Reached skill level 15 in Polearms
    30 | D        | Reached skill level 15 in Throwing
    32 | D        | Reached XP level 22. HP: 194/194 MP: 0/0
    32 | D        | Noticed a meat berserker
    33 | D        | Noticed a meat berserker
    33 | D        | Noticed a meat berserker
    33 | D        | Noticed a large bag of meat
    33 | D        | Noticed a meat berserker
    35 | D        | Noticed a meat berserker
    35 | D        | Killed a meat berserker
    35 | D        | Noticed an eight-headed meat hydra
    36 | D        | Killed a meat berserker
    36 | D        | Noticed a meat berserker
    37 | D        | Noticed a destroyer
    37 | D        | Killed a destroyer
    37 | D        | Noticed a meat berserker
    39 | D        | Reached XP level 23. HP: 132/201 MP: 0/0
    39 | D        | Learned a level 8 spell: Summon Horrible Things
    40 | D        | Killed a large bag of meat
    41 | D        | Noticed a destroyer
    42 | D        | Killed a large bag of meat
    43 | D        | Reached XP level 24. HP: 167/208 MP: 0/0
    45 | D        | Killed a destroyer
    46 | D        | Reached skill level 27 in Armour
    46 | D        | Reached skill level 27 in Unarmed Combat
    46 | D        | Reached skill level 27 in Invocations
    46 | D        | Killed a destroyer
    46 | D        | Noticed a destroyer
    47 | D        | Reached skill level 27 in Stealth
    47 | D        | Reached XP level 25. HP: 192/214 MP: 0/0
    47 | D        | Learned a level 8 spell: Lehudib's Crystal Spear
    49 | D        | Noticed an accursed
    50 | D        | Killed a destroyer
    51 | D        | Reached skill level 27 in Maces & Flails
    51 | D        | Reached skill level 27 in Polearms
    51 | D        | Reached skill level 27 in Throwing
    51 | D        | Killed a destroyer
    51 | D        | Killed an accursed
    52 | D        | Reached XP level 26. HP: 212/221 MP: 0/0
    53 | D        | Reached skill level 27 in Staves
    53 | D        | Reached skill level 1 in Short Blades
    53 | D        | Reached skill level 1 in Long Blades
    53 | D        | Reached skill level 1 in Ranged Weapons
    53 | D        | Reached skill level 1 in Shapeshifting
    53 | D        | Noticed a large bag of meat
    54 | D        | Killed a large bag of meat
    55 | D        | Reached skill level 5 in Ranged Weapons
    55 | D        | Reached skill level 5 in Shapeshifting
    55 | D        | Noticed a tyrant
    55 | D        | Noticed a destroyer
    55 | D        | Noticed an accursed
    55 | D        | Noticed a tyrant
    56 | D        | Killed a destroyer
    56 | D        | Killed a tyrant
    56 | D        | Killed an accursed
    57 | D        | Reached XP level 27. HP: 211/228 MP: 0/0
    57 | D        | Learned a level 9 spell: Dragon's Call
    57 | D        | Killed a tyrant
    58 | D        | Reached skill level 15 in Short Blades
    58 | D        | Reached skill level 15 in Long Blades
    60 | D        | Reached skill level 15 in Ranged Weapons
    60 | D        | Reached skill level 15 in Shapeshifting
    60 | D        | Noticed an accursed
    61 | D        | Noticed a dread
    61 | D        | Killed a dread
    61 | D        | Killed an accursed
    61 | D        | Noticed a tyrant
    61 | D        | Noticed a destroyer
    62 | D        | Killed a tyrant
    62 | D        | Killed a destroyer
    69 | D        | Noticed a large bag of meat
    70 | D        | Killed a large bag of meat
    71 | D        | Reached skill level 27 in Shields
    71 | D        | Reached skill level 27 in Evocations
    71 | D        | Noticed a dread
    71 | D        | Killed a dread
    72 | D        | Reached skill level 27 in Short Blades
    72 | D        | Reached skill level 27 in Long Blades
    72 | D        | Noticed an accursed
    72 | D        | Noticed a dread
    72 | D        | Noticed a meat beast
    73 | D        | Killed an accursed
    73 | D        | Killed a dread
    73 | D        | Noticed a dread
    74 | D        | Reached skill level 27 in Ranged Weapons
    74 | D        | Reached skill level 27 in Shapeshifting
    74 | D        | Killed a meat beast
    74 | D        | Killed a dread
    75 | D        | Noticed a dread
    76 | D        | Killed a dread
    77 | D        | Noticed a meat beast
    78 | D        | Killed a meat beast
    78 | D        | Noticed a meat beast
    79 | D        | Killed a meat beast
    79 | D        | Noticed a meat beast
    79 | D        | Noticed a destroyer
    80 | D        | Killed a destroyer
    80 | D        | Killed a meat beast
    81 | D        | Noticed a large bag of meat
    82 | D        | Killed a large bag of meat
    82 | D        | Noticed a meat beast
    83 | D        | Noticed a large bag of meat
    84 | D        | Killed a meat beast
    84 | D        | Killed a large bag of meat
    85 | D        | Noticed a dread
    85 | D        | Noticed a meat beast
    86 | D        | Killed a dread
    86 | D        | Killed a meat beast
    88 | D        | Noticed a meat beast
    88 | D        | Noticed a destroyer
    88 | D        | Noticed a destroyer
    90 | D        | Killed a destroyer
    90 | D        | Killed a meat beast
    90 | D        | Noticed a tyrant
    91 | D        | Noticed a meat beast
    91 | D        | Noticed a destroyer
    91 | D        | Noticed an accursed
    91 | D        | Noticed a tyrant
    91 | D        | Noticed an accursed
    92 | D        | Noticed an accursed
    92 | D        | Killed an accursed
    92 | D        | Noticed a tyrant
    93 | D        | Killed a tyrant
    93 | D        | Noticed an accursed
    93 | D        | Noticed a meat beast
    94 | D        | Noticed a meat beast
    94 | D        | Killed a destroyer
    94 | D        | Noticed a meat beast
    95 | D        | Killed a destroyer
    96 | D        | Killed an accursed
    97 | D        | Killed a meat beast
    97 | D        | Killed a tyrant
    97 | D        | Noticed an accursed
    98 | D        | Killed a meat beast
    98 | D        | Killed an accursed
    99 | D        | Killed an accursed
   100 | D        | Noticed an accursed
   101 | D        | Noticed a destroyer
   101 | D        | Noticed an accursed
   102 | D        | Noticed a meat beast
   103 | D        | Killed a destroyer
   103 | D        | Noticed a destroyer
   103 | D        | Noticed an accursed
   103 | D        | Noticed a tyrant
   103 | D        | Noticed a dread
   104 | D        | Killed a meat beast
   104 | D        | Killed a meat beast
   104 | D        | Noticed a meat beast
   105 | D        | Noticed a destroyer
   105 | D        | Noticed a tyrant
   106 | D        | Killed a meat beast
   107 | D        | Killed from afar by a wretched soul

Illustrated notes

Levels and vault maps discovered:
D:        meatsprint

Skill      XL: |  1  2  3  4  5  6  7  8  9 10 11 12 13 14 15 16 17 18 19 20 21 22 23 24 25 26 27 |
---------------+----------------------------------------------------------------------------------+-----
Fighting       | 14 17 18 21 22 25 27 | 27.0
Axes           | 13 16 17 19 20 23 24 27 | 27.0
Dodging        | 16 18 20 23 24 27 | 27.0
Spellcasting   | 11 13 15 17 18 21 22 27 | 27.0
Conjurations   | 11 13 15 17 18 21 22 27 | 27.0
Hexes          | 11 13 15 17 18 21 22 27 | 27.0
Summonings     | 11 13 15 17 18 21 22 27 | 27.0
Necromancy     | 11 13 15 17 18 21 22 27 | 27.0
Translocations | 11 13 15 17 18 21 22 27 | 27.0
Fire Magic     | 11 13 15 17 18 21 22 27 | 27.0
Ice Magic      | 11 13 15 17 18 21 22 27 | 27.0
Air Magic      | 11 13 15 17 18 21 22 27 | 27.0
Earth Magic    | 11 13 15 17 18 21 22 27 | 27.0
Alchemy        | 11 13 15 17 18 21 22 27 | 27.0
Maces & Flails | 2 9 13 16 19 22 25 27 | 27.0
Polearms       | 2 9 13 16 19 22 25 27 | 27.0
Throwing       | 3 9 13 16 19 22 25 27 | 27.0
Armour         | 3 11 16 19 22 26 27 | 27.0
Stealth        | 3 10 15 17 20 24 27 | 27.0
Unarmed Combat | 3 11 16 19 22 25 27 | 27.0
Invocations    | 3 11 16 19 22 25 27 | 27.0
Staves         | 25 27 | 27.0
Short Blades   | 13 27 | 27.0
Long Blades    | 13 27 | 27.0
Ranged Weapons | 12 27 | 27.0
Shields        | 14 27 | 27.0
Evocations     | 14 27 | 27.0
Shapeshifting  | 12 27 | 27.0

Action                     |  1- 3 |  4- 6 |  7- 9 | 10-12 | 13-15 | 16-18 | 19-21 | 22-24 | 25-27 || total
---------------------------+-------+-------+-------+-------+-------+-------+-------+-------+-------++-------
  Melee: Executioner's axe |     1 |       |       |     1 |     3 |     5 |    10 |    26 |   117 ||   163
   Cast: Vhi's Electric Ch |       |       |       |       |       |     3 |     1 |     5 |     3 ||    12
         Manifold Assault  |       |       |       |       |       |       |       |     4 |    36 ||    40
 Armour: Leather armour    |       |       |       |     1 |     4 |     3 |       |     4 |    20 ||    32
  Dodge: Dodged            |       |       |       |       |     1 |       |       |     1 |     6 ||     8
